cohdb
Replays
Latest Replays
All Replays
Popular Replays
Top Player Replays
Match Explorer
How It Works
Community
CoH3 Stats
Reddit
Sign in to upload your games and track your stats! →
Sign in with Steam
Match 48430739
Unlisted
Match 48430739
Overview
Messages
Build Orders
End
Selects Australian Defense Battlegroup
Selects Australian Light Infantry Section
Australian Light Infantry Section
Construct Section Command Post
Vickers Machine Gun Team
Australian Light Infantry Section
Selects 2-pounder Anti-tank Gun Team
2-pounder Anti-tank Gun Team
Construct Platoon Command Post
Humber Armored Car
Australian Light Infantry Section
Construct Field Infirmary
6-pounder Anti-tank Gun Team
SneaKerz
Steiner85
0
0
Comments
sign in to comment!
No comments posted yet!